 Dungeon Crawl Stone Soup version 0.23-a0-713-ge59bbb1 (webtiles) character file.

721 tatocazan the Skirmisher (level 7, -9/45 HPs)
             Began as a Gargoyle Fighter on Jan 15, 2019.
             Killed by divine providence
             ... invoked by an orc priest
              (12 damage)
             ... on level 4 of the Dungeon.
             The game lasted 00:10:59 (5718 turns).

tatocazan the Skirmisher (Gargoyle Fighter)         Turns: 5718, Time: 00:11:00

Health: -9/45      AC: 13    Str: 21    XL:     7   Next: 71%
Magic:  7/7        EV:  8    Int:  9    God:
Gold:   146        SH:  9    Dex:  9    Spells: 6/6 levels left

rFire    . . .     SeeInvis .   a - +0 flail
rCold    . . .     Gourm    .   c - +0 shield
rNeg     + . .     Faith    .   b - +0 scale mail
rPois    ∞         Spirit   .   (no helmet)
rElec    +         Reflect  .   i - +0 cloak
rCorr    .         Harm     .   (no gloves)
MR       .....                  (no boots)
Stlth    ..........             (no amulet)
HPRegen  0.15/turn              (no ring)
MPRegen  0.10/turn              (no ring)

@: no status effects
A: negative energy resistance 1, electricity resistance, unbreathing,
petrification resistance, rot immunity, AC +4
a: no special abilities


You were on level 4 of the Dungeon.
You were very hungry.

You visited 1 branch of the dungeon, and saw 4 of its levels.
You also visited: Ossuary.

You collected 146 gold pieces.

Inventory:

Hand Weapons
 a - a +0 flail (weapon)
Armour
 b - a +0 scale mail (worn)
 c - a +0 shield (worn)
 i - a +0 cloak (worn)
 l - a +1 helmet of intelligence
Wands
 o - a wand of random effects (12)
Scrolls
 e - 6 scrolls of identify {unknown}
 g - 3 scrolls of remove curse {unknown}
 j - 2 scrolls of teleportation
 n - a scroll of fear {unknown}
 r - a scroll of immolation {unknown}
 s - a scroll of noise {unknown}
Potions
 d - 3 potions of haste {unknown}
 h - 2 potions of cancellation {unknown}
 k - a potion of mutation {unknown}
 m - a potion of flight {unknown}
 p - 3 potions of curing {unknown}
 q - 5 potions of brilliance {unknown}
 t - a potion of agility {unknown}
Comestibles
 f - 4 rations


   Skills:
 * Level 5.8 Fighting
 * Level 4.7 Maces & Flails
 + Level 4.9 Armour
 + Level 2.0 Dodging
 + Level 4.8 Shields


You had 6 spell levels left.
You didn't know any spells.
Your spell library was empty.

Dungeon Overview and Level Annotations

Branches:
Dungeon (4/15)
 Temple: D:4-7

Altars:
Hepliaklqana
Sif Muna
Trog


Innate Abilities, Weirdness & Mutations

You are resistant to torment.
Your stone body is resilient. (AC +4)
You are immune to poison.
You resist negative energy. (rN+)
You are resistant to electric shocks. (rElec)
You can survive without breathing.
You are immune to petrification.
You are immune to rotting.


Message History

You kill the orc wizard!
Your Dodging skill increases to level 2!
The orc priest invokes the aid of Beogh against you.
Beogh smites you!
The orc priest invokes the aid of Beogh against you.
Beogh smites you!
* * * LOW HITPOINT WARNING * * *
You take 29 damage, and have 2/45 hp.
MASSIVE DAMAGE!!
The orc priest looks braver for a moment.
You block the orc priest's attack.
The orc priest looks braver for a moment.
The orc priest looks satisfied for a moment.
The orc priest hits you but does no damage.
You block the orc priest's attack.
You feel yourself speed up.
There is a stone staircase leading up here.
The orc priest hits you but does no damage.
The orc priest invokes the aid of Beogh against you.
Beogh smites you!
You die...

###########
#####.........#####
##.................#
#..............o...#
###.....(..(((@o...#
###..............#
###..........o.##
#####....###..#
##...## ##o#
#########....# #.##
#......##...## ##.#
#.........## #.#
#........### #)#


You could see 2 orc priests, an orc wizard and an orc.

Vanquished Creatures
  An ogre (D:4)
  A centaur (D:4)
  An elf zombie (Ossuary)
  3 centaur zombies (Ossuary)
  2 human zombies (Ossuary)
  Crazy Yiuf (D:2)
  An orc wizard (D:4)
  A centaur skeleton (D:4)
  Terence (D:2)
  Ijyb (D:3)
  A worker ant (D:3)
  2 mummies (Ossuary)
  Robin (D:2)
  An adder (D:4)
  A shadow imp (D:3)
  An ooze (D:2)
  3 adder zombies (Ossuary)
  4 worms
  2 dart slugs
  2 orcs
  A ball python (D:3)
  5 giant cockroaches
  21 goblins
  2 hobgoblins
  7 jackals
  3 kobolds
  6 bats
  4 frilled lizards
  A goblin zombie (Ossuary)
  14 hobgoblin zombies (Ossuary)
  A jackal zombie (Ossuary)
  5 kobold zombies (Ossuary)
  A leopard gecko skeleton (D:4)
  7 orc zombies (Ossuary)
  8 rats
117 creatures vanquished.

Notes
Turn   | Place    | Note
-------+----------+-------------------------------------------
     0 | D:1      | tatocazan the Gargoyle Fighter began the quest for the Orb.
     0 | D:1      | Reached XP level 1. HP: 14/14 MP: 1/1
    99 | D:1      | Reached XP level 2. HP: 18/19 MP: 2/2
   679 | D:2      | Reached XP level 3. HP: 20/23 MP: 3/3
  1105 | D:2      | Noticed Robin
  1504 | D:2      | Killed Robin
  1504 | D:2      | Reached XP level 4. HP: 21/29 MP: 4/4
  1789 | D:2      | Noticed Terence
  1801 | D:2      | Killed Terence
  1801 | D:2      | Reached skill level 4 in Fighting
  2175 | D:2      | Found a runed door.
  2179 | D:2      | Noticed Crazy Yiuf
  2190 | D:2      | Killed Crazy Yiuf
  2190 | D:2      | Reached XP level 5. HP: 6/33 MP: 2/5
  2812 | D:3      | Found a deep blue altar of Sif Muna.
  3191 | D:3      | Noticed Ijyb
  3213 | D:3      | Killed Ijyb
  3213 | D:3      | Reached skill level 1 in Dodging
  3635 | D:3      | Found a bloodstained altar of Trog.
  3635 | D:3      | Found a hazy altar of Hepliaklqana.
  3906 | D:4      | Noticed a centaur
  3924 | D:4      | HP: 1/34 [dart slug (2)]
  3925 | D:4      | Killed a centaur
  3925 | D:4      | Reached XP level 6. HP: 1/40 MP: 6/6
  4280 | D:4      | Found a sand-covered staircase.
  4286 | Ossuary  | Entered an ossuary
  4550 | Ossuary  | Reached skill level 5 in Fighting
  4608 | Ossuary  | Reached XP level 7. HP: 24/44 MP: 7/7
  5709 | D:4      | HP: 2/45 [orc priest/divine providence (13)]
  5718 | D:4      | Killed from afar by an orc priest

Vault maps used:
D:1:      lightli_arrival_lavapool
D:2:      serial_aquarium, aquarium_bridge_square, aquarium_window_corridor_3,
          aquarium_window_1, aquarium_window_1, aquarium_view_2f,
          aquarium_pool_corner, first_ration, uniq_robin, uniq_terence,
          uniq_crazy_yiuf_cottage
D:3:      kennysheep_goblin_castle, gammafunk_temple_overflow_elements,
          lemuel_blue_sif_altar
D:4:      nicolae_ossuary_entry_plus, chequers_serial_rivers_micro_b
Ossuary:  ossuary_tomb_1

Skill      XL: |  1  2  3  4  5  6  7 |
---------------+----------------------+-----
Fighting       | 4 5 |  5.8
Maces & Flails | 3 4 |  4.7
Armour         | 4 |  4.9
Shields        | 4 |  4.8
Dodging        | 1 2 |  2.0

Action                   |  1- 3 |  4- 6 |  7- 9 || total
-------------------------+-------+-------+-------++-------
Melee: Flail             |   116 |   292 |    93 ||   501
Evoke: Wand              |       |       |     1 ||     1
  Use: Potion            |       |     1 |       ||     1
       Scroll            |       |       |     1 ||     1
  Eat: Chunk             |     1 |     4 |     3 ||     8
       Ration            |       |     2 |       ||     2
Armor: Scale mail        |    66 |   248 |    58 ||   372
Dodge: Dodged            |    33 |   169 |    30 ||   232
Block: Shield            |    55 |   237 |    55 ||   347

Table legend:
 A = Non-vault XP
 B = Vault XP
 C = Vault XP percentage of total XP
 D = Non-vault monster count
 E = Vault monster count
 F = Vault count percentage of total count
                 A         B        C        D         E       F
            +---------+---------+-------+---------+---------+-------
      Total |     467 |     564 |  54.7 |      56 |      60 |  51.7
            +---------+---------+-------+---------+---------+-------
        D:1 |      24 |       6 |  20.0 |      15 |       3 |  16.7
        D:2 |      54 |      97 |  64.2 |      23 |       6 |  20.7
        D:3 |      57 |      54 |  48.6 |      10 |      12 |  54.5
        D:4 |     332 |       0 |   0.0 |       8 |       0 |   0.0
    Ossuary |       0 |     407 | 100.0 |       0 |      39 | 100.0
            +---------+---------+-------+---------+---------+-------
